 Dungeon Crawl Stone Soup version 0.23-a0-642-g3120c2f5a9 (webtiles) character file.

215 HereIgoKillingAgain the Digger (level 5, -8/38 HPs)
             Began as a Minotaur Earth Elementalist on Dec 31, 2018.
             Shot with a bolt by a kobold (12 damage)
             ... on level 4 of the Dungeon.
             The game lasted 00:03:50 (3076 turns).

HereIgoKillingAgain the Digger (MiEE)               Turns: 3076, Time: 00:03:51

Health: -8/38      AC:  2    Str: 12    XL:     5   Next: 60%
Magic:  0/8        EV: 12    Int: 13    God:
Gold:   103        SH:  0    Dex: 11    Spells: 5/9 levels left

rFire    . . .     SeeInvis .   d - +1 spear (pierce)
rCold    . . .     Gourm    .   (no shield)
rNeg     . . .     Faith    .   c - +0 robe
rPois    .         Spirit   .   (helmet restricted)
rElec    .         Reflect  .   (no cloak)
rCorr    .         Harm     .   (no gloves)
MR       .....                  (no boots)
Stlth    ++........             (no amulet)
HPRegen  0.12/turn              (no ring)
MPRegen  0.11/turn              (no ring)

@: no status effects
A: retaliatory headbutt, horns 2
a: no special abilities


You were on level 4 of the Dungeon.
You were near starving.

You visited 1 branch of the dungeon, and saw 4 of its levels.

You collected 103 gold pieces.

Inventory:

Hand Weapons
 d - a +1 spear of piercing (weapon)
Missiles
 b - 43 stones (quivered)
Armour
 c - a +0 robe (worn)
Wands
 j - a wand of flame (19)
 s - a wand of random effects (8)
Scrolls
 a - a scroll of remove curse {unknown}
 f - 2 scrolls of magic mapping {unknown}
 l - a scroll of fog {unknown}
 n - a scroll of noise {unknown}
 o - a scroll of blinking {unknown}
 q - a scroll of teleportation {unknown}
 u - a scroll of enchant armour {unknown}
Potions
 g - a potion of curing
 k - 2 potions of mutation
 m - a potion of might
 p - a potion of resistance
 r - a potion of invisibility {unknown}
 t - 2 potions of heal wounds {unknown}
Comestibles
 h - 7 rations


   Skills:
 - Level 2.1 Dodging
 - Level 1.5 Stealth
 + Level 2.6 Spellcasting
 * Level 1.4 Conjurations
   Level 0.7 Transmutations
 * Level 4.0 Earth Magic


You had 5 spell levels left.
You knew the following spells:

 Your Spells              Type           Power        Failure   Level  Hunger
a - Sandblast             Erth           ##....       4%          1    #......
b - Stone Arrow           Conj/Erth      #.....       24%         3    ###....

Your spell library contained the following spells:

 Spells                   Type           Power        Failure   Level  Hunger
 Passwall                 Tmut/Erth      #.......     14%         2    ###....
 Petrify                  Tmut/Erth      #.......     65%         4    #####..
 Lee's Rapid Deconstruct  Erth           ##........   77%         5    ######.


Dungeon Overview and Level Annotations

Branches:
Dungeon (4/15)
 Temple: D:4-7

Altars:


Innate Abilities, Weirdness & Mutations

You reflexively headbutt those who attack you in melee.
You have a pair of horns on your head.


Message History

The kobold hits the plant with a cursed -2 short sword.
The big kobold hits the plant with a cursed +0 short sword.
Something hits the plant but does no damage.
You are near starving!
The kobold hits something but does no damage.
The big kobold hits something but does no damage.
The kobold hits something but does no damage.
Casting: Sandblast (safe; 4% risk of failure)
Confirm with . or Enter, or press ? or * to list all spells.
Aiming: Sandblast (safe; 4% risk of failure)
Press: ? - help, Shift-Dir - straight line, f - kobold
Aim: a kobold, wielding a +0 club The blast of sand misses the kobold.
b - 43 stones The kobold hits you with a +0 club.
The kobold shoots a bolt.
The bolt hits you!
* * * LOW HITPOINT WARNING * * *
You see here a bolt.
The kobold shoots a bolt.
The bolt hits you!
You die...

######### .
........## ...
##..##.....
#####..<.......
#.##.....#....#<#.
#....(..####..#
##..#..†# ..# #.
#P@♣### ♣# ##♣(.P#
#PK.♣## ##P.K.#
#PKK!♣ ##..K♣
##♣♣K♣ .K♣ P..♣


You could see a big kobold and 6 kobolds.

Vanquished Creatures
  A hound (D:3)
  2 orc wizards (D:3)
  5 adders
  A shadow imp (D:3)
  A worm (D:2)
  2 dart slugs (D:1)
  2 leopard geckos
  4 orcs (D:3)
  5 giant cockroaches
  4 goblins
  8 hobgoblins
  6 jackals (D:3)
  15 kobolds
  10 bats
  4 frilled lizards
  3 rats
73 creatures vanquished.

Notes
Turn   | Place    | Note
-------+----------+-------------------------------------------
     0 | D:1      | HereIgoKillingAgain the Minotaur Earth Elementalist began
                  | the quest for the Orb.
     0 | D:1      | Reached XP level 1. HP: 14/14 MP: 1/1
   391 | D:1      | Reached XP level 2. HP: 20/20 MP: 0/3
  1021 | D:1      | Reached skill level 3 in Earth Magic
  1297 | D:2      | Reached XP level 3. HP: 25/26 MP: 1/5
  1987 | D:3      | Reached XP level 4. HP: 22/33 MP: 1/6
  2193 | D:3      | Learned a level 3 spell: Stone Arrow
  2524 | D:3      | Reached XP level 5. HP: 33/38 MP: 2/7
  2544 | D:3      | Reached skill level 1 in Conjurations
  3045 | D:4      | Reached skill level 4 in Earth Magic
  3076 | D:4      | Shot with a bolt by a kobold

Vault maps used:
D:1:      dpeg_arrival_tiny_a
D:4:      kennysheep_kobold_camp, uniq_edmund, uniq_grinder

Skill      XL: |  1  2  3  4  5 |
---------------+----------------+-----
Spellcasting   | 2 |  2.6
Earth Magic    | 3 4 |  4.0
Conjurations   | 1 |  1.4
Dodging        | |  2.1
Stealth        | |  1.5
Transmutations | |  0.7

Action                   |  1- 3 |  4- 6 || total
-------------------------+-------+-------++-------
Melee: Unarmed           |    32 |       ||    32
       Headbutt          |     5 |     2 ||     7
       Spear             |    12 |    30 ||    42
 Cast: Sandblast         |    53 |    55 ||   108
  Use: Scroll            |       |     4 ||     4
       Potion            |       |     1 ||     1
  Eat: Chunk             |     1 |     3 ||     4
       Ration            |     1 |       ||     1
Armor: Robe              |     7 |     9 ||    16
       Skin              |       |     2 ||     2
Dodge: Dodged            |    44 |    25 ||    69

Table legend:
 A = Non-vault XP
 B = Vault XP
 C = Vault XP percentage of total XP
 D = Non-vault monster count
 E = Vault monster count
 F = Vault count percentage of total count
                 A         B        C        D         E       F
            +---------+---------+-------+---------+---------+-------
      Total |     290 |      18 |   5.8 |      62 |      11 |  15.1
            +---------+---------+-------+---------+---------+-------
        D:1 |      40 |       0 |   0.0 |      23 |       0 |   0.0
        D:2 |      46 |       0 |   0.0 |      11 |       0 |   0.0
        D:3 |     204 |       0 |   0.0 |      28 |       0 |   0.0
        D:4 |       0 |      18 | 100.0 |       0 |      11 | 100.0
            +---------+---------+-------+---------+---------+-------
